 Dungeon Crawl Stone Soup version 0.27-a0-1202-ge72e49191c (webtiles) character file.

Game seed: 11265421681640380073

290 siradein the Magician (level 6, -5/42 HPs)
             Began as a Djinni Hedge Wizard on June 2, 2021.
             Slain by a scorpion (7 damage)
             ... on level 3 of the Dungeon on June 3, 2021.
             The game lasted 00:11:45 (4319 turns).

siradein the Magician (Djinni Hedge Wizard)         Turns: 4319, Time: 00:11:46

Health: -5/42      AC:  2    Str:  9    XL:     6   Next: 58%
Gold:   140        EV: 14    Int: 18    God:
                   SH:  0    Dex: 24

rFire    + + .     SeeInvis .   u - +4 spear
rCold    x . .     Faith    .   (no shield)
rNeg     . . .     Spirit   .   b - +0 robe
rPois    ∞         Reflect  .   c - +0 hat
rElec    .         Harm     .   (no cloak)
rCorr    .         Rampage  .   (no gloves)
Will     .....                  (boots unavailable)
Stlth    ++........             (no amulet)
HPRegen  0.14/turn              g - +6 ring of dexterity
MPRegen  0.00/turn              j - +6 ring of dexterity

@: flying
A: sickness immunity, fire resistance 2, cold vulnerability 1, float, innate
caster, hp casting, extra vitality 1
a: no special abilities


You were on level 3 of the Dungeon.
You visited 1 branch of the dungeon, and saw 4 of its levels.

You collected 140 gold pieces.

Inventory:

Hand Weapons
 u - a +4 spear (weapon)
Armour
 b - a +0 robe (worn)
 c - a +0 hat (worn)
Jewellery
 g - a +6 ring of dexterity (left hand)
 j - a +6 ring of dexterity (right hand)
 m - an amulet of the acrobat
Scrolls
 d - a scroll of fear {unknown}
 f - 2 scrolls of immolation {unknown}
 h - a scroll of holy word {unknown}
 k - a scroll of torment {unknown}
 l - 2 scrolls of identify {unknown}
 o - 4 scrolls of vulnerability {unknown}
 p - a scroll of teleportation {unknown}
 t - 2 scrolls of blinking {unknown}
Potions
 e - a potion of cancellation {unknown}
 i - a potion of curing {unknown}
 n - a potion of lignification {unknown}
 q - a potion of brilliance {unknown}
 r - a potion of heal wounds {unknown}
 s - a potion of might {unknown}


   Skills:
 + Level 1.5 Fighting
 + Level 1.5 Armour
 + Level 3.0 Dodging
 - Level 1.5 Stealth
 + Level 4.6 Spellcasting


You couldn't memorise any spells.
You knew the following spells:

 Your Spells              Type           Power      Damage    Failure   Level
a - Magic Dart            Conj           80%        1d7       1%          1
b - Blink                 Tloc           N/A        N/A       3%          2
c - Call Imp              Summ           20%        N/A       3%          2
d - Slow                  Hex            20%        N/A       3%          2
e - Conjure Flame         Conj/Fire      20%        6-21      6%          3
f - Mephitic Cloud        Conj/Pois/Air  20%        N/A       6%          3
g - Pain                  Necr           80%        1d8       1%          1
h - Corpse Rot            Necr/Air       N/A        N/A       3%          2
Your spell library was empty.

Dungeon Overview and Level Annotations

Branches:
Dungeon (4/15)
 Temple: D:4-7

Altars:
Yredelemnul
The Shining One


Innate Abilities, Weirdness & Mutations

You are immune to sickness and miasma.
You are immune to poison.
Your flesh is very heat resistant. (rF++)
You are vulnerable to cold. (rC-)
You float through the air rather than walking.
You learn spells naturally, not from books.
Your magical power is your life essence.
You have superior vitality. (+4 HP)


Message History

Your crimson imp is poisoned.
The scorpion poisons your crimson imp!
Your crimson imp closely misses the scorpion.
Your shadow imp closely misses the scorpion.
What are your orders? t - Shout!
Orders for allies: a - Attack new target. r - Retreat! s - Stop attacking. g - Guard the area. f - Follow me.
Anything else - Cancel.
Gang up on whom?
Press: ? - help, Dir - move target, f - scorpion
Aim: a scorpion (lightly wounded, ally target) Attack!
Your crimson imp disappears in a puff of smoke!
Your shadow imp hits the scorpion.
Your shadow imp closely misses the scorpion.
The scorpion closely misses you.
You swap places.
The scorpion barely misses you.
Your shadow imp closely misses the scorpion.
You see here a howler monkey corpse.
Your shadow imp closely misses the scorpion.
You see here a +0 dagger.
The scorpion barely misses you.
Your shadow imp misses the scorpion.
Your shadow imp hits the scorpion.
The scorpion stings you but does no damage.
Your shadow imp hits the scorpion.
The scorpion closely misses your shadow imp.
The scorpion stings your shadow imp.
Your shadow imp dies!
Casting: Blink (safe; 3% risk of failure)
Confirm with . or Enter, or press ? or * to list all spells.
You blink.
* * * LOW HITPOINT WARNING * * *
Casting: Blink (safe; 3% risk of failure)
Confirm with . or Enter, or press ? or * to list all spells.
You blink.
* * * LOW HITPOINT WARNING * * *
The scorpion stings you!
You die...

....# #...>.)............#......
....# ######.##.................
....## ##.....##.................
##...###..................#......
...........######.........#......
........#########.........#......
...............)..........#######
........#########s........###....
#.....#..######.@.............##.
...(.......#..............######.
....<....................## ##.
.####.#..##.............##### #..
#####.##..##.............>..###.#
...##........#..............##..#
...##...................#####..##
......###....#(.........# ###(..#
...##.#.................###....##


You could see a scorpion.

Vanquished Creatures
  A necrophage (D:3)
  A jelly (D:4)
  An orc priest (D:3)
  6 adders
  2 worms
  3 dart slugs
  3 orcs (D:3)
  8 ball pythons
  2 endoplasms
  A giant cockroach (D:2)
  3 goblins
  6 hobgoblins
  A jackal (D:2)
  4 kobolds
  3 quokkas
  4 bats
  6 frilled lizards
  5 rats
60 creatures vanquished.

Vanquished Creatures (collateral kills)
  A howler monkey (D:3)
  An adder (D:2)
  2 orcs
  An endoplasm (D:3)
  A hobgoblin (D:2)
  A jackal (D:2)
7 creatures vanquished.

Vanquished Creatures (others)
  An orc (D:3)
  An endoplasm (D:3)
  A goblin (D:3)
3 creatures vanquished.

Grand Total: 70 creatures vanquished

Notes
Turn   | Place    | Note
-------+----------+-------------------------------------------
     0 | D:1      | siradein the Djinni Hedge Wizard began the quest for the
                  | Orb.
     0 | D:1      | Reached XP level 1. HP: 15/15 MP: 0/0
   340 | D:1      | Reached XP level 2. HP: 19/21 MP: 0/0
   522 | D:1      | Found a faded altar of an unknown god.
   709 | D:1      | Reached skill level 3 in Spellcasting
   917 | D:2      | Reached XP level 3. HP: 16/25 MP: 0/0
   917 | D:2      | Learned a level 1 spell: Pain
  1757 | D:2      | Upgraded the game from 0.27-a0-1200-g94dc6ad4cf to
                  | 0.27-a0-1202-ge72e49191c
  2216 | D:2      | Reached XP level 4. HP: 29/31 MP: 0/0
  2831 | D:3      | Reached skill level 4 in Spellcasting
  3131 | D:3      | Reached XP level 5. HP: 18/35 MP: 0/0
  3131 | D:3      | Learned a level 2 spell: Corpse Rot
  3582 | D:3      | Found a basalt altar of Yredelemnul.
  3585 | D:3      | Noticed a profane servitor
  3603 | D:3      | Found a glowing golden altar of the Shining One.
  3606 | D:3      | Noticed an angel
  3894 | D:4      | Reached XP level 6. HP: 20/41 MP: 0/0
  3912 | D:4      | Noticed a necrophage
  4155 | D:3      | Killed a necrophage
  4156 | D:3      | Reached skill level 1 in Fighting
  4156 | D:3      | Reached skill level 1 in Armour
  4290 | D:3      | HP: 2/42 [scorpion (8)]
  4319 | D:3      | Slain by a scorpion

Illustrated notes

Levels and vault maps discovered:
D:1:      nzn_arrival_water_spiral, layout_rooms,
          shapermc_ecumenical_altar_mp_vishouse
D:2:      layout_loops_corners, minmay_cupped
D:3:      layout_rooms, grunt_temple_overflow_holy_war
D:4:      layout_rooms, worldfamousw_hep_ancestral_shrine,
          gup_ossuary_entry_pyramid, st_stairs_13

Skill      XL: |  1  2  3  4  5  6 |
---------------+-------------------+-----
Spellcasting   | 3 4 |  4.6
Fighting       | 1 |  1.5
Armour         | 1 |  1.5
Dodging        | 3 |  3.0
Stealth        | |  1.5

Action                   |  1- 3 |  4- 6 || total
-------------------------+-------+-------++-------
 Cast: Magic Dart        |    80 |    74 ||   154
       Call Imp          |     2 |     5 ||     7
       Pain              |       |    19 ||    19
       Blink             |       |     4 ||     4
Armor: Robe              |     4 |     4 ||     8
Dodge: Dodged            |    13 |    25 ||    38

Table legend: (Time is in decaauts)
 A = Elapsed time spent in this place.
 B = Non-inter-level travel time spent in this place.
 C = Inter-level travel time spent in this place.
 D = Time resting spent in this place.
 E = Time spent auto-exploring this place.
 F = Levels seen in this place.
 G = Mean time per level.
                   A        B        C        D        E       F      G
               +--------+--------+--------+--------+--------+-----+--------+
         Total |   4321 |   4269 |     52 |    613 |   3109 |   4 | 1080.2 |
       Dungeon |   4321 |   4269 |     52 |    613 |   3109 |   4 | 1080.2 |
               +--------+--------+--------+--------+--------+-----+--------+

Top non-repeatable levels by time:
     D:2: 2189 daAuts
     D:3: 1177 daAuts
     D:1: 867 daAuts
     D:4: 86 daAuts
